 Dungeon Crawl Stone Soup version 0.23.1 (webtiles) character file.

Game seed: 3555503050919723431

1 Borgoz the Sneak (level 1, 0/14 HPs)
             Began as a Ghoul Enchanter on Mar 5, 2019.
             Slain by a jackal (1 damage)
             ... on level 1 of the Dungeon.
             The game lasted 00:00:20 (93 turns).

Borgoz the Sneak (Ghoul Enchanter)                    Turns: 93, Time: 00:00:21

Health: 0/14       AC:  2    Str: 11    XL:     1   Next: 20%
Magic:  1/2        EV: 12    Int: 10    God:
Gold:   0          SH:  0    Dex:  9    Spells: 2/3 levels left

rFire    . . .     SeeInvis .   a - +1 dagger
rCold    + . .     Gourm    .   (no shield)
rNeg     + + +     Faith    .   b - +0 robe
rPois    ∞         Spirit   .   (no helmet)
rElec    .         Reflect  .   (no cloak)
rCorr    .         Harm     .   (no gloves)
MR       .....                  (no boots)
Stlth    ++........             (no amulet)
HPRegen  0.00/turn              (no ring)
MPRegen  0.08/turn              (no ring)

@: very slightly contaminated, rotting
A: rotting body, claws 1, carnivore, cold resistance 1, negative energy
resistance 3, inhibited regeneration, torment resistance, unbreathing
a: no special abilities


You were on level 1 of the Dungeon.
You were not hungry.

You visited 1 branch of the dungeon, and saw 1 of its levels.

Inventory:

Hand Weapons
 a - a +1 dagger (weapon)
Armour
 b - a +0 robe (worn)
Comestibles
 d - a ration


   Skills:
 + Level 0.0 Fighting
 * Level 0.9 Short Blades
 + Level 0.0 Armour
 * Level 1.8 Dodging
 + Level 3.3 Stealth
 + Level 1.7 Spellcasting
 * Level 2.4 Hexes


You had 2 spell levels left.
You knew the following spells:

 Your Spells              Type           Power        Failure   Level  Hunger
a - Corona                Hex            #......      12%         1    ##.....

Your spell library contained the following spells:

 Spells                   Type           Power        Failure   Level  Hunger
 Ensorcelled Hibernation  Hex/Ice        #.....       30%         2    ###....
 Confuse                  Hex            #.......     34%         3    ####...
 Tukima's Dance           Hex            #.......     34%         3    ####...
 Dazzling Spray           Conj/Hex       #.....       52%         3    ####...


Dungeon Overview and Level Annotations

Branches:
Dungeon (1/15)

Altars:


Innate Abilities, Weirdness & Mutations

Your body is rotting away.
You thrive on raw meat.
You are immune to poison.
You have sharp fingernails.
You are carnivorous and can eat meat at any time.
Your flesh is cold resistant. (rC+)
You are immune to negative energy. (rN+++)
You do not regenerate when monsters are visible.
You are immune to unholy pain and torment.
You can survive without breathing.


Message History

Nothing appears to happen.
The jackal bites you.
* * * LOW HITPOINT WARNING * * *
The jackal closely misses you.
You closely miss the jackal.
The jackal is moderately wounded.
The jackal closely misses you.
A jackal comes into view.
You barely miss the jackal.
The jackal is moderately wounded.
The jackal barely misses you. x2
You closely miss the jackal.
The jackal is moderately wounded.
The jackal misses you.
You completely miss the jackal.
The jackal is moderately wounded.
The jackal barely misses you.
You hit the jackal.
The jackal is almost dead.
The jackal bites you.
You die...

### #.. #.# #.
#.# #. #.# #.
#.# #. #.#
.####.## #@#
.......######h#
#.......)h#
##.######## #.#
#.# #.# #.# #.#


You could see 2 jackals.

Vanquished Creatures
  A hobgoblin (D:1)
1 creature vanquished.

Notes
Turn   | Place    | Note
-------+----------+-------------------------------------------
     0 | D:1      | Borgoz the Ghoul Enchanter began the quest for the Orb.
     0 | D:1      | Reached XP level 1. HP: 14/14 MP: 2/2
     4 | D:1      | Noticed an ogre
     4 | D:1      | Noticed a halfling
     6 | D:1      | Noticed a demigod
     6 | D:1      | Noticed a spriggan
     8 | D:1      | Noticed an elf
    10 | D:1      | Noticed a naga
    10 | D:1      | Noticed a ghoul
    12 | D:1      | Noticed a human
    12 | D:1      | Noticed a vampire
    14 | D:1      | Noticed an octopode
    14 | D:1      | Noticed a merfolk
    16 | D:1      | Noticed a centaur
    16 | D:1      | Noticed a draconian
    18 | D:1      | Noticed a dwarf
    20 | D:1      | Noticed a gargoyle
    20 | D:1      | Noticed a felid
    22 | D:1      | Noticed a vine stalker
    22 | D:1      | Noticed a minotaur
    24 | D:1      | Noticed a tengu
    24 | D:1      | Noticed a troll
    26 | D:1      | Noticed a demonspawn
    26 | D:1      | Noticed a formicid
    93 | D:1      | Slain by a jackal

Action                   || total
-------------------------++-------
Melee: Dagger            ||    22
 Cast: Corona            ||     1
Armor: Robe              ||     1
Dodge: Dodged            ||    15
